 Dungeon Crawl Stone Soup version 0.21-a0-264-g3e31e41 (console) character file.

77 removed the Conjurer (level 3, -6/26 HPs)
             Began as a Demigod Venom Mage on Sept 9, 2017.
             Killed from afar by Sigmund (8 damage)
             ... with a puff of flame
             ... on level 3 of the Dungeon.
             The game lasted 00:05:03 (3005 turns).

removed the Conjurer (Demigod Venom Mage)           Turns: 3005, Time: 00:05:03

Health: -6/26      AC:  3    Str: 16    XL:     3   Next: 91%
Magic:  0/8        EV: 12    Int: 21    God:
Gold:   102        SH:  0    Dex: 16    Spells: 1/5 levels left

rFire    . . .     SeeInvis .   a - +1 whip (freeze)
rCold    . . .     Gourm    .   (no shield)
rNeg     . . .     Faith    .   d - +0 robe
rPois    .         Spirit   .   (no helmet)
rElec    .         Reflect  .   (no cloak)
rCorr    .         Harm     .   x - +0 pair of gloves
MR       .....                  (no boots)
Stlth    ++........             (no amulet)
HPRegen  0.08/turn              z - +5 ring of strength
MPRegen  0.11/turn              s - ring of wizardry

@: no status effects
A: high mp 1
a: no special abilities


You were on level 3 of the Dungeon.
You were very hungry.

You visited 1 branch of the dungeon, and saw 3 of its levels.

You collected 102 gold pieces.

Inventory:

Hand Weapons
 a - a +1 whip of freezing (weapon)
Missiles
 o - 7 curare-tipped needles
Armour
 d - a +0 robe (worn)
 x - a +0 pair of gloves (worn)
Jewellery
 j - an uncursed ring of fire
 s - a ring of wizardry (right hand)
 v - an uncursed ring of positive energy
 z - a +5 ring of strength (left hand)
Scrolls
 g - 3 scrolls of remove curse {unknown}
 q - 2 scrolls of blinking {unknown}
 u - a scroll of immolation {unknown}
 y - a scroll of identify {unknown}
Potions
 k - a potion of flight {unknown}
 l - a potion of degeneration {unknown}
 m - a potion of mutation {unknown}
 r - a potion of magic {unknown}
 t - a potion of lignification {unknown}
Books
 b - a Young Poisoner's Handbook

   Spells                             Type                      Level
   a - Sting                          Conjuration/Poison           1
   b - Poisonous Vapours              Poison/Air                   2
   c - Mephitic Cloud                 Conjuration/Poison/Air       3
   d - Olgreb's Toxic Radiance        Poison                       4
   e - Venom Bolt                     Conjuration/Poison           5
Comestibles
 c - a bread ration
 i - 3 meat rations
 p - 4 fruits
 w - a royal jelly


   Skills:
 - Level 1.7 Dodging
 - Level 1.7 Stealth
 - Level 1.7 Spellcasting
 + Level 3.2 Conjurations
 + Level 3.1 Poison Magic


You had one spell level left.
You knew the following spells:

 Your Spells              Type           Power        Failure   Level  Hunger
a - Sting                 Conj/Pois      ###.         1%          1    #......
m - Mephitic Cloud        Conj/Pois/Air  ##......     8%          3    ###....


Dungeon Overview and Level Annotations

Branches:
Dungeon (3/15)

Annotations:
D:3 Sigmund; Zooty's ghost, amateur SpWn


Innate Abilities, Weirdness & Mutations

You have an increased reservoir of magic. (+10% MP)


Message History

Sigmund is heavily wounded.
Sigmund barely misses you.
You hit Sigmund but do no damage.
Sigmund is heavily wounded.
You barely miss Sigmund.
Sigmund is heavily wounded.
Sigmund looks more healthy.
Sigmund hits you with a scythe of protection!
Ouch! That really hurt!
* * * LOW HITPOINT WARNING * * *
Casting: Sting
Confirm with . or Enter, or press ? or * to list all spells.
Aiming: Sting
Press: ? - help, Shift-Dir - straight line, f/p - Sigmund
Aim: Sigmund, wielding a scythe of protection and wearing a robe (severely wounded)
The sting hits Sigmund.
Sigmund is severely wounded.
Sigmund casts a spell at you. The puff of flame hits you!
You die...

... ###.# ### #.# ..
#.# .# ..# .# #.# .
#.####### .
#.#.....###.# ##
.######.#...<.....#
.#
...........@@.#####
.###########.#.....#
............>#.....#
.###################
.# .# .. ##


You could see Sigmund.

Vanquished Creatures
  2 adders (D:2)
  A leopard gecko (D:1)
  A giant cockroach (D:1)
  3 goblins
  8 hobgoblins
  14 jackals
  A quokka (D:2)
  5 bats
  2 frilled lizards
  8 kobolds
  5 rats
50 creatures vanquished.

Notes
Turn   | Place    | Note
-------+----------+-------------------------------------------
     0 | D:1      | removed the Demigod Venom Mage began the quest for the Orb.
     0 | D:1      | Reached XP level 1. HP: 14/14 MP: 5/5
    26 | D:1      | Reached skill level 1 in Conjurations
   453 | D:1      | Reached XP level 2. HP: 20/20 MP: 5/7
  1270 | D:1      | Reached XP level 3. HP: 26/26 MP: 4/8
  2656 | D:2      | Learned a level 3 spell: Mephitic Cloud
  2692 | D:3      | Found an iron altar of Okawaru.
  2694 | D:3      | Found a bloodstained altar of Trog.
  2757 | D:3      | Found an ancient bone altar of Kikubaaqudgha.
  2779 | D:3      | Noticed Zooty's ghost (amateur SpWn)
  2881 | D:3      | Noticed Sigmund
  3005 | D:3      | Killed from afar by Sigmund

Vault maps used:
D:1:      evilmike_arrival_hilbert_curve, st_stairs_4, kennysheep_pointless_box
D:3:      grunt_temple_overflow_open, kiku_gazebo_pond_becter, first_bread,
          uniq_sigmund

Skill      XL: |  1  2  3 |
---------------+----------+-----
Conjurations   | 2 3 |  3.2
Poison Magic   | 3 |  3.1
Dodging        | |  1.7
Stealth        | |  1.7
Spellcasting   | |  1.7

Action                   || total
-------------------------++-------
Melee: Whip              ||    24
 Cast: Sting             ||   129
       Mephitic Cloud    ||     2
  Use: Potion            ||     1
 Stab: Confused          ||     1
  Eat: Chunk             ||     7
Armor: Robe              ||     8
Dodge: Dodged            ||    30

Table legend:
 A = Spawn XP
 B = Non-spawn XP
 C = Spawn XP percentage of total XP
 D = Spawn monster count
 E = Non-spawn monster count
 F = Spawn count percentage of total count
 G = Total turns spent on level
                    A         B        C        D         E        F      G
               +---------+---------+-------+---------+---------+-------+---------
         Total |       0 |     110 |   0.0 |       0 |      50 |   0.0 |  3005
               +---------+---------+-------+---------+---------+-------+---------
           D:1 |       0 |      52 |   0.0 |       0 |      30 |   0.0 |  1716
           D:2 |       0 |      56 |   0.0 |       0 |      19 |   0.0 |  1088
           D:3 |       0 |       2 |   0.0 |       0 |       1 |   0.0 |   201
               +---------+---------+-------+---------+---------+-------+---------
